Map: At Eternity's Edge LE

Players

Geralt (Gerald) - Winner!

  • Race: Protoss Protoss
  • League: Grandmaster
  • Spawn Location: 5:00

Cellsidus

  • Race: Zerg Zerg
  • League: Grandmaster
  • Spawn Location: 11:00

Event: HomeStory Cup XXIX

VOD

Have the link to the VOD?

Description

Time

  • Played on: July 4, 2026, 8:18 a.m.
  • Length: 5:13

All games in this series

Show
View Real Time Build Order
Export as new Build Order

Geralt Protoss - Winner!

Build Orders:  

Get SALT Encoding   

  8  0:00  Probe  
  9  0:12  Probe  
  10  0:24  Probe (Chrono Boost)  
  11  0:31  Pylon  
  12  0:36  Probe (Chrono Boost)  
  12  0:43  Probe (Chrono Boost)  
  13  0:51  Probe  
  14  0:59  Gateway  
  14  1:04  Probe  
  15  1:12  Assimilator  
  15  1:16  Probe  
  16  1:24  Pylon  
  16  1:28  Probe  
  17  1:40  Probe  
  18  1:48  Cybernetics Core, Zealot  
  18  1:53  Probe  
  21  2:05  Probe  
  21  2:08  Gateway  
  22  2:17  Assimilator, Probe  
  22  2:20  Adept (Chrono Boost)  
  26  2:30  Probe  
  26  2:33  Pylon  
  26  2:42  Probe  
  27  2:49  Adept  
  29  2:59  Stargate  
  29  3:11  Shield Battery  
  28  3:15  Gateway  
  28  3:30  Stalker  
  30  3:34  Pylon  
  28  3:41  Void Ray (Chrono Boost)  
  30  3:52  Shield Battery  
  30  4:06  Pylon  
  29  4:15  Shield Battery  
  29  4:23  Oracle  
  31  4:33  Probe  
  32  4:48  Pylon  
  30  4:53  Probe  
Show
View Real Time Build Order
Export as new Build Order

Cellsidus Zerg 

Build Orders: Pool First 

Get SALT Encoding   

  8  0:00  Drone  
  9  0:10  Drone  
  10  0:17  Drone  
  11  0:24  Drone  
  11  0:28  Extractor  
  11  0:32  Drone  
  12  0:52  Spawning Pool  
  11  0:57  Drone  
  12  1:09  Overlord  
  12  1:38  Metabolic Boost, Zergling x4  
  14  1:56  Roach Warren  
  14  1:58  Zergling x2  
  14  2:09  Overlord  
  14  2:36  Roach x2  
  18  2:39  Roach  
  19  2:57  Ravager  
  19  2:58  Ravager  
  19  2:59  Zergling x2  
  20  3:06  Zergling x2  
  21  3:13  Zergling x2  
  22  3:20  Zergling x2  
  22  3:23  Ravager  
  24  3:33  Zergling x2  
  24  3:43  Zergling x2  
  25  3:50  Zergling x2  
  26  3:57  Zergling x2  
  27  4:09  Zergling x2  
  28  4:16  Queen  
  27  4:17  Zergling x2  
  27  4:29  Drone  
  19  4:35  Drone  
  19  4:49  Drone  
  18  5:10  Hatchery  
Tags
 
Add a new tag
Caveats
  • Supply blocks, unpowered buildings, or Contaminate may cause inaccurate times.
  • Supply counts are checked every 10 seconds.